 Dungeon Crawl Stone Soup version 0.29.1-12-g30fa7ad0bf (console) character file.

Game seed: 8897471355652647591

35 Manolochan the Conjurer (level 3, 0/19 HPs)
             Began as a Deep Elf Conjurer on Dec 12, 2022.
             Slain by a gnoll
             ... wielding a +0 flail
              (6 damage)
             ... on level 2 of the Dungeon.
             The game lasted 00:19:31 (2189 turns).

Manolochan the Conjurer (Deep Elf Conjurer)         Turns: 2189, Time: 00:19:32

Health: 0/19       AC:  2    Str:  4    XL:     3   Next: 16%
Magic:  15/19      EV: 12    Int: 24    God:
Gold:   53         SH:  0    Dex: 13    Spells: 7/10 levels left

rFire   + . .      SeeInvis +   O - staff of fire
rCold   . . .      Faith    .   (no shield)
rNeg    . . .      Spirit   .   a - +0 robe
rPois   .          Reflect  .   (no helmet)
rElec   .          Harm     .   (no cloak)
rCorr   .          Rampage  .   (no gloves)
Will    .....                   (no boots)
Stlth   ++........              (no amulet)
HPRegen 0.06/turn               M - ring of see invisible
MPRegen 0.16/turn               Q - ring of magical power

@: no status effects
A: no striking features
a: no special abilities


You were on level 2 of the Dungeon.
You visited 1 branch of the dungeon, and saw 2 of its levels.

You collected 53 gold pieces.

Inventory:

Armour
 a - a +0 robe (worn)
Magical Staves
 O - a staff of fire (weapon)
Jewellery
 M - a ring of see invisible (left hand)
 Q - a ring of magical power (right hand)
 R - a +6 ring of strength
Scrolls
 P - a scroll of teleportation {unknown}
 S - a scroll of summoning {unknown}
 V - 2 scrolls of enchant weapon {unknown}
Potions
 K - a potion of magic {!q}
 L - a potion of brilliance {unknown}
 N - a potion of curing {unknown}
 T - a potion of mutation {unknown}
 U - a potion of haste {unknown}


   Skills:
 - Level 2.4 Dodging
 - Level 2.4 Stealth
 + Level 4.2 Spellcasting
 - Level 5.0 Conjurations


You had 7 spell levels left.
You knew the following spells:

 Your Spells              Type           Power      Damage    Failure   Level
a - Searing Ray           Conj           58%        2d6       1%          2
k - Magic Dart            Conj           100%       1d8       1%          1

Your spell library contained the following spells:

 Spells                   Type           Power      Damage    Failure   Level
 Dazzling Flash           Conj/Hex       34%        N/A       11%         3
 Fulminant Prism          Conj/Hex       8%         3d7       34%         4
 Iskenderun's Mystic Bla  Conj/Tloc      17%        2d5       34%         4
 Starburst                Conj/Fire      12%        6d5       99%         6


Dungeon Overview and Level Annotations

Branches:
Dungeon (2/15) Zot: 9811

Altars:


Message History

A rock wall.
A kobold comes into view. It is wielding a +0 whip.
The magic dart hits the kobold but does no damage.
The magic dart hits the kobold.
The kobold is severely wounded.
Aiming: Searing Ray (safe; 1% risk of failure)
Press: ? - help, Shift-Dir - straight line, f/p - kobold
Aim: a kobold, wielding a +0 whip (severely wounded, 74% to hit)
Out of range.
Okay, then.
Aiming: Searing Ray (safe; 1% risk of failure)
Press: ? - help, Shift-Dir - straight line, f/p - kobold
Aim: a kobold, wielding a +0 whip (severely wounded, 74% to hit)
The searing ray hits the kobold!
You kill the kobold! (Press . to maintain the ray.) Unknown command.
You see here a +0 whip.
Magic restored.
Found a stone staircase leading down.
Press: ? - help, . - travel, g - get item You can't see that place. [Stash: a weird runed staff] [the floor.]
You see here a staff of earth. 2 gnolls come into view.
The gnoll shouts!
You hear a shout! x2 2 gnolls come into view.
The gnoll shouts!
What are your orders? t - Shout!
Orders for allies: a - Attack new target. r - Retreat! s - Stop attacking. g - Guard the area. f - Follow me.
Anything else - Cancel.
You shout for attention!
The gnoll shouts!
The gnoll attacks as you move away! The gnoll hits you with a +0 flail.
The gnoll hits you with a +0 flail.
Aiming: Searing Ray (safe; 1% risk of failure)
Press: ? - help, Shift-Dir - straight line, f - gnoll
Aim: a gnoll, wielding a +0 flail (82% to hit)
The searing ray hits the gnoll.
The gnoll is moderately wounded. (Press . to maintain the ray.)
The gnoll hits you with a +0 flail!
The searing ray misses the gnoll.
The gnoll misses you.
The searing ray misses the gnoll.
An endoplasm comes into view.
The gnoll hits you with a +0 flail.
You die...

.........### ##.#######.#
>........# #.# #.#
...>.....# #.# #.#
.........#######.#######.#
....#..........#.#.......#
).......)......#.#.......#
.......#.......#.#.|.....#
.......#.......#.#.......#
.......#########.#########
.......# #.# .......# #@#
######## #######g##
#........# #....g...#
#######g.......#
......g........#
......#........# .....
#J.......# ....
>..##.##.## ...
..####..#.# .. ##. ##.#.#


You could see 2 gnolls and an endoplasm (wandering).

Vanquished Creatures
  A dart slug (D:1)
  An endoplasm (D:1)
  4 goblins (D:1)
  3 hobgoblins (D:1)
  6 jackals (D:1)
  4 kobolds
  3 quokkas (D:1)
  3 ball pythons (D:1)
  A frilled lizard (D:1)
  A rat (D:1)
27 creatures vanquished.

Notes
Turn   | Place    | Note
-------+----------+-------------------------------------------
     0 | D:1      | Manolochan the Deep Elf Conjurer began the quest for the
                  | Orb.
     0 | D:1      | Reached XP level 1. HP: 10/10 MP: 6/6
   152 | D:1      | Reached XP level 2. HP: 6/15 MP: 1/8
   319 | D:1      | Learned a level 2 spell: Searing Ray
   454 | D:1      | Reached skill level 5 in Conjurations
  1540 | D:1      | Reached XP level 3. HP: 19/19 MP: 10/10
  2189 | D:2      | Slain by a gnoll

Illustrated notes

Levels and vault maps discovered:
D:1:      amcnicky_arrival_choice, layout_basic, st_stairs_3
D:2:      layout_rooms, serial_co_window_serial, co_window_of_opportunity_a,
          co_window_corner_a, co_window_corner_a, co_window_paths_b,
          co_window_corner_a, co_window_corner_a, co_window_cross_1,
          co_window_broadway_b, co_window_unsneaky_path_b,
          co_window_unsneaky_path_c, co_window_2corner, co_window_2corner,
          minmay_pentomino_v4

Skill      XL: |  1  2 |
---------------+-------+-----
Conjurations   | 5 |  5.0
Spellcasting   | 4 |  4.2
Dodging        | |  2.4
Stealth        | |  2.4

Action                   || total
-------------------------++-------
Melee: Unarmed           ||     5
 Cast: Magic Dart        ||    27
       Searing Ray       ||    14
Dodge: Dodged            ||     6
